 Dungeon Crawl Stone Soup version 0.18-a0-1481-g708b138 (webtiles) character file.

5165 Duffy the Nimble (level 10, 48/48 HPs)
             Began as a Felid Transmuter on Mar 2, 2016.
             Was a Believer of Ashenzari.
             Quit the game on level 1 of the Lair of Beasts.
             The game lasted 00:29:12 (15419 turns).

Duffy the Nimble (Felid Transmuter)                Turns: 15419, Time: 00:29:12

Health: 48/48      AC:  2    Str:  6    XL:     10   Next: 34%
Magic:  17/17      EV: 28    Int: 16    God:    Ashenzari [**....]
Gold:   398        SH:  0    Dex: 19    Spells: 3 memorised, 9 levels left
                                        Lives:  1   Deaths: 1

rFire  . . .     SeeInvis +       - Unarmed
rCold  . . .     Gourm    .     (armour unavailable)
rNeg   . . .     Faith    .     (shield unavailable)
rPois  .         Spirit   +     (helmet unavailable)
rElec  .         Dismiss  .     (cloak unavailable)
rCorr  .         Reflect  .     (gloves unavailable)
SustAt .         Harm     .     (boots unavailable)
MR     +....                    e - amulet of guardian spirit (curse)
Stlth  +++++.....               (no ring)
                                o - ring of stealth

@: quick, somewhat resistant to hostile enchantments, quite stealthy
A: no armour, no weapons or thrown items, claws 1, fangs 3, see invisible,
carnivore 3, speed 1, shaggy fur 2, slow metabolism 1, sharp paws
a: Curse Item, Scrying, Renounce Religion


You were on level 1 of the Lair of Beasts.
You worshipped Ashenzari.
Ashenzari was pleased with you.
You were not hungry.

You visited 2 branches of the dungeon, and saw 12 of its levels.
You also visited: Bailey.

You collected 636 gold pieces.
You spent 238 gold pieces at shops.


Innate Abilities, Weirdness & Mutations

You cannot wear armour.
You are incapable of wielding weapons or throwing items.
You have sharp claws.
You have razor-sharp teeth.
You have supernaturally acute eyesight.
You are carnivorous and can eat meat at any time.
You cover ground quickly.
You are covered in thick fur (AC +2).
You have a slow metabolism.
Your sharp claws are effective at attacking unaware monsters.


   Skills:
 + Level 8.2 Fighting
 - Level 11.0 Dodging
 - Level 4.0 Stealth
 + Level 9.4 Unarmed Combat
 - Level 4.5 Spellcasting
 - Level 6.8 Transmutations
 - Level 5.5 Ice Magic
 - Level 2.0 Poison Magic


You had 9 spell levels left.
You knew the following spells:

 Your Spells              Type           Power        Failure   Level  Hunger
j - Ice Form              Ice/Trmt       ###.....     14%         4    ####...
l - Spider Form           Trmt/Pois      ###.......   10%         3    ###....
s - Sticks to Snakes      Trmt           ####....     1%          2    ##.....

Inventory:

Missiles
 a - 90 arrows
Jewellery
 e - a cursed amulet of guardian spirit (around neck)
 o - a ring of stealth (left paw)
Wands
 g - a wand of confusion (0/48)
 y - a wand of iceblast (2/15)
 z - a wand of digging (4/24)
Scrolls
 d - 2 scrolls of immolation
 i - 4 scrolls of recharging
 j - 2 scrolls of teleportation
 m - a scroll of blinking
 p - 4 scrolls of remove curse
 t - 2 scrolls of fog
 x - 2 scrolls of magic mapping
Potions
 f - 4 potions of heal wounds
 h - 4 potions of brilliance
 k - 5 potions of curing
 n - a potion of invisibility
 s - a potion of cure mutation
 u - 2 potions of lignification
 v - 2 potions of cancellation
 w - 4 potions of agility
 A - 2 potions of might
 B - a potion of flight
Books
 b - a book of Changes
 q - a Fen Folio
Miscellaneous
 r - an ornate deck of defence
Comestibles
 c - 7 meat rations
 l - 2 beef jerkies
 C - a royal jelly

Dungeon Overview and Level Annotations

Branches:
Dungeon (10/15)            Temple (0/1) D:6            Lair (2/8) D:9
    Orc: D:9-12

Altars:
Ashenzari
Fedhas
Kikubaaqudgha
Nemelex Xobeh
Okawaru
Pakellas
Qazlal
Ru
Sif Muna
Trog
Vehumet
Xom
Yredelemnul
Zin

Shops:
D:5 !

Portals:
Sewer: D:4

Annotations:
D:3 Blork the orc


Message History

You are too injured to fight recklessly!
You are too injured to fight recklessly!
You are too injured to fight recklessly!
You are too injured to fight recklessly!
You are too injured to fight recklessly!
You are too injured to fight recklessly!
You are too injured to fight recklessly!
You are too injured to fight recklessly!
You hit the wolf. You freeze the wolf.
The wolf is lightly wounded.
The wolf misses you.
The wolf closely misses you. x2; The wolf misses you.
You punch the wolf! You freeze the wolf.
The wolf is severely wounded.
The wolf misses you. x2; The wolf bites you!
The wolf completely misses you.
You completely miss the wolf.
The wolf is severely wounded.
The wolf misses you.
The wolf bites you. x2; The wolf closely misses you. x2
You barely miss the wolf.
The wolf is severely wounded.
The wolf closely misses you. The wolf bites you.
The wolf bites you but does no damage. The wolf misses you.
You hit the wolf but do no damage.
The wolf is severely wounded.
The wolf bites you but does no damage. The wolf bites you.
The wolf completely misses you. The wolf bites you!
You die...
Your shape twists and changes as you die.
You are now level 10!
You warm up again.
You rejoin the land of the living...
Unknown command.
Unknown command.
Unknown command.
Unknown command.
Are you sure you want to abandon this character and quit the game? (Confirm with "yes".)

...###./..#........#.............
.#####....#........#...#.......#.
.####.....#........#...#.......#.
+#P##.....#........#...##..#+#...
..........####.#.###.............
.................................
.................................
.................................
................@.%%.............
....[.....#.#####......##.##P.#..
###.##.....#..#####%.............
##.###....#......##....#.......#.
...........#......#.%..........#.
#.........#......#.............#.
#..........#.....##....#.......#.
#####.....##.....##....#.......#.
##.###....+......##............#.


There were no monsters in sight!

Action                   |  1- 3 |  4- 6 |  7- 9 | 10-12 || total
-------------------------+-------+-------+-------+-------++-------
Melee: Unarmed           |    75 |   130 |   396 |   349 ||   950
 Cast: Spider Form       |     4 |    19 |    36 |    13 ||    72
       Ice Form          |       |       |     3 |    26 ||    29
Invok: Curse Item        |       |       |     1 |       ||     1
 Abil: End Transformatio |       |       |     1 |     1 ||     2
Evoke: Wand              |       |       |       |     2 ||     2
  Use: Scroll            |       |       |    15 |     2 ||    17
       Potion            |       |       |       |     1 ||     1
 Stab: Sleeping          |     3 |     4 |    24 |     7 ||    38
       Distracted        |     1 |       |       |     2 ||     3
  Eat: Chunk             |     4 |    12 |    19 |    16 ||    51

Notes
Turn   | Place    | Note
--------------------------------------------------------------
     0 | D:1      | Duffy the Felid Transmuter began the quest for the Orb.
     0 | D:1      | Reached XP level 1. HP: 9/9 MP: 4/4
   378 | D:1      | Reached XP level 2. HP: 10/12 MP: 6/6
   525 | D:1      | Learned a level 2 spell: Sticks to Snakes
   922 | D:2      | Reached skill level 3 in Transmutations
   935 | D:2      | Found an ancient bone altar of Kikubaaqudgha.
  1071 | D:2      | Reached XP level 3. HP: 15/15 MP: 7/7
  1079 | D:1      | Learned a level 3 spell: Spider Form
  1284 | D:2      | Reached skill level 1 in Poison Magic
  1525 | D:2      | Reached skill level 4 in Unarmed Combat
  1698 | D:2      | Reached XP level 4. HP: 19/19 MP: 4/8
  2246 | D:3      | Noticed Ijyb
  2266 | D:3      | Killed Ijyb
  2266 | D:3      | Reached skill level 5 in Unarmed Combat
  2266 | D:3      | Reached XP level 5. HP: 15/22 MP: 4/9
  2423 | D:3      | Noticed Natasha
  2424 | D:3      | Noticed Blork the orc
  2564 | D:3      | Killed Natasha
  2564 | D:3      | Reached skill level 2 in Poison Magic
  2851 | D:3      | Noticed Jessica
  2863 | D:3      | Killed Jessica
  2863 | D:3      | Reached skill level 3 in Dodging
  2885 | D:3      | Noticed Natasha
  2889 | D:3      | Killed Natasha
  2982 | D:3      | Found a sacrificial altar of Ru.
  2986 | D:3      | Noticed Natasha
  3011 | D:3      | Killed Natasha
  3011 | D:3      | Gained mutation: You are covered in thick fur (AC +2). [Felid growth]
  3011 | D:3      | Reached XP level 6. HP: 18/25 MP: 8/10
  3292 | D:3      | Reached skill level 4 in Dodging
  3778 | D:4      | Reached skill level 2 in Fighting
  3778 | D:4      | Reached skill level 6 in Unarmed Combat
  3854 | D:4      | Reached XP level 7. HP: 30/30 MP: 7/11
  3871 | D:4      | Reached skill level 5 in Dodging
  4636 | D:4      | Reached skill level 6 in Dodging
  4905 | D:4      | Found a shimmering altar of Xom.
  5098 | D:4      | Reached skill level 7 in Unarmed Combat
  5173 | D:4      | Reached skill level 3 in Fighting
  5173 | D:4      | Reached skill level 1 in Stealth
  5392 | D:4      | Noticed Pikel
  5428 | D:4      | Learned a level 4 spell: Ice Form
  5446 | D:4      | Killed Pikel
  5446 | D:4      | Reached skill level 9 in Dodging
  5446 | D:4      | Reached XP level 8. HP: 13/34 MP: 10/12
  5879 | D:4      | Found a glowing silver altar of Zin.
  6164 | D:4      | Found a glowing drain.
  6254 | D:5      | Entered Level 5 of the Dungeon
  6261 | D:5      | Found a deep blue altar of Sif Muna.
  6270 | D:5      | Reached skill level 2 in Stealth
  6308 | D:5      | Found Owaesm's Distillery.
  6319 | D:5      | Bought a potion of lignification for 42 gold pieces
  6319 | D:5      | Bought a potion of heal wounds for 70 gold pieces
  6319 | D:5      | Bought a potion of degeneration for 14 gold pieces
  6332 | D:5      | Noticed Eustachio
  6478 | D:5      | Killed Eustachio
  6478 | D:5      | Reached skill level 3 in Stealth
  6682 | D:5      | Noticed Crazy Yiuf
  6686 | D:5      | Killed Crazy Yiuf
  6717 | D:5      | Reached skill level 4 in Fighting
  6717 | D:5      | Reached skill level 4 in Stealth
  6860 | D:5      | Found a shattered altar of Ashenzari.
  7067 | D:5      | Became a worshipper of Ashenzari the Shackled
  7319 | D:5      | Reached skill level 5 in Fighting
  7609 | D:5      | Noticed Grinder
  7651 | D:5      | Killed Grinder
  7651 | D:5      | Reached skill level 1 in Ice Magic
  7651 | D:5      | Reached XP level 9. HP: 34/40 MP: 10/13
  7971 | D:5      | Bought a potion of brilliance for 56 gold pieces
  7971 | D:5      | Bought a potion of might for 56 gold pieces
  8137 | D:6      | Noticed Edmund
  8153 | D:6      | Killed Edmund
  8153 | D:6      | Reached skill level 4 in Transmutations
  8153 | D:6      | Reached skill level 2 in Ice Magic
  8545 | D:6      | Reached skill level 3 in Ice Magic
  8687 | D:6      | Found a staircase to the Ecumenical Temple.
  9008 | D:6      | Reached skill level 4 in Ice Magic
  9294 | D:7      | Reached skill level 5 in Ice Magic
  9514 | D:7      | Reached skill level 5 in Transmutations
  9517 | D:7      | Reached skill level 3 in Spellcasting
  9551 | D:7      | Reached * piety under Ashenzari
  9800 | D:8      | Reached skill level 4 in Spellcasting
  9907 | D:8      | Found a flagged portal.
  9917 | Bailey   | Entered a bailey
  9992 | D:8      | Reached XP level 10. HP: 37/44 MP: 5/17
 10333 | D:8      | Reached skill level 6 in Transmutations
 10608 | D:8      | Found a radiant altar of Vehumet.
 10857 | D:8      | Found a stormy altar of Qazlal.
 11280 | D:9      | Found a basalt altar of Yredelemnul.
 11346 | D:9      | Found a staircase to the Lair.
 11734 | D:9      | Found an iron altar of Okawaru.
 11736 | D:9      | Noticed Erolcha
 11828 | D:9      | Killed Erolcha
 11828 | D:9      | Reached skill level 10 in Dodging
 11863 | D:9      | Found a blossoming altar of Fedhas.
 11904 | D:9      | Reached skill level 6 in Fighting
 12020 | D:10     | Entered Level 10 of the Dungeon
 12338 | D:9      | Found a bloodstained altar of Trog.
 12393 | D:9      | Reached skill level 8 in Unarmed Combat
 12963 | D:9      | Reached skill level 11 in Dodging
 13427 | D:9      | Found an oddly glowing altar of Pakellas.
 13458 | D:9      | Found a sparkling altar of Nemelex Xobeh.
 13722 | D:10     | Noticed a hill giant
 13762 | D:9      | Reached skill level 7 in Fighting
 13795 | D:9      | Reached XP level 11. HP: 50/50 MP: 18/18
 13809 | Lair:1   | Entered Level 1 of the Lair of Beasts
 13936 | Lair:1   | Reached ** piety under Ashenzari
 14784 | Lair:1   | Noticed a six-headed hydra
 14796 | Lair:1   | Killed a six-headed hydra
 14796 | Lair:1   | Reached skill level 9 in Unarmed Combat
 14906 | Lair:1   | Reached skill level 8 in Fighting
 15418 | Lair:1   | Slain by a wolf
 15419 | Lair:1   | Reached XP level 10. HP: -1/57 MP: 0/17
 15419 | Lair:1   | Quit the game

Vault maps used:
D:1:      saegor_arrival_simple_d
D:2:      lemuel_zombie_altar_kikubaaqudgha
D:3:      nicolae_ru_awakened_eye, minmay_misc_feat_rows, tgw_sif, uniq_iyjb,
          uniq_natasha, uniq_jessica
D:4:      lemuel_round_altar, marbit_many_paths, first_bread,
          gup_sewer_entry_bowl, minmay_misc_feat_roman, goddamned_bats,
          uniq_pikel
D:5:      lemuel_round_altar, nicolae_ashenzari_panopticon, serial_shops, shop,
          minmay_item_behind_shaft, minmay_misc_feat_plants,
          uniq_crazy_yiuf_cottage, uniq_grinder, uniq_eustachio
D:6:      minmay_temple_entry_fiery, amalloy_card_club, uniq_edmund
D:8:      kennysheep_mini, old_standard_altar, enter_bailey_8
D:9:      johnstein_pakellas_death_squad, yredelemnul_altar_generic,
          fedhas_altar_1, lemuel_crystal_altar,
          nemelex_xobeh_ov_fountains_minmay, erik_lair_island, basic_altar,
          uniq_erolcha
D:10:     david_orc_1_choice
Lair:1:   serial_bayou_shore_b, infiniplex_staircase_pool_2
Lair:2:   minmay_lair_oklob_chamber, lemuel_fruit_fields, serial_bayou_shore_a,
          uniq_fannar
Bailey:   bailey_polearm_5, bailey

Vanquished Creatures
  A hydra Erolcha Pikel
  A black mamba
  A spiny frog
  3 trolls Grinder Eustachio
  A hungry ghost Edmund
  A hippogriff
  8 wolves
  2 water moccasins
  3 porcupines
  4 orc warriors
  A sky beast
  3 ice beasts
  2 phantoms
  A centaur
  3 ogres
  3 crocodiles
  11 giant frogs
  A gnoll sergeant
  5 scorpions
  A vampire bat
  3 killer bees
  5 wights
  3 electric eels
  2 howler monkeys
  3 crimson imps
  8 hounds
  4 jellies
  14 orc wizards
  8 orc priests Crazy Yiuf
  A giant frog skeleton Jessica Ijyb Natasha (thrice)
  2 iguanas
  6 worker ants
  A hound skeleton
  11 adders
  9 gnolls
  19 river rats
  4 shadow imps
  An ooze
  3 adder skeletons
  An adder zombie
  4 worms
  3 fire bats
  7 giant geckos
  58 orcs
  2 spectral bats
  A ball python
  14 bats
  3 bat skeletons
  A bat zombie
  2 giant cockroaches
  5 goblins
  3 hobgoblins
  12 jackals
  4 kobolds
  2 quokkas
  A bat simulacrum
  2 giant newts
  A jackal skeleton
  8 rats
  A rat zombie
309 creatures vanquished.
